 Dungeon Crawl Stone Soup version 0.27-a0-1555-g0e7b3fb (webtiles) character file.

Game seed: 14498719051851107413

32 Meow the Digger (level 3, 7/26 HPs)
             Began as a Ghoul Earth Elementalist on July 14, 2021.
             Quit the game on level 2 of the Dungeon.
             The game lasted 00:03:55 (1155 turns).

Meow the Digger (Ghoul Earth Elementalist)          Turns: 1155, Time: 00:03:55

Health: 7/26       AC:  2    Str: 11    XL:     3   Next: 27%
Magic:  5/5        EV: 12    Int: 11    God:
Gold:   82         SH:  0    Dex:  9    Spells: 2/6 levels left

rFire    + . .     SeeInvis .   (no weapon)
rCold    + . .     Faith    .   (no shield)
rNeg     + + +     Spirit   .   b - +0 robe
rPois    ∞         Reflect  .   (no helmet)
rElec    .         Harm     .   (no cloak)
rCorr    .         Rampage  .   (no gloves)
Will     .....                  (no boots)
Stlth    ++........             (no amulet)
HPRegen  0.08/turn              d - ring of protection from fire
MPRegen  0.09/turn              (no ring)

@: no status effects
A: claws 1, cold resistance 1, negative energy resistance 3, inhibited
regeneration, torment resistance 2
a: no special abilities


You were on level 2 of the Dungeon.
You visited 1 branch of the dungeon, and saw 2 of its levels.

You collected 112 gold pieces.
You spent 30 gold pieces at shops.

Inventory:

Missiles
 a - 8 boomerangs of dispersal
 c - 64 stones
 f - 19 sling bullets
Armour
 b - a +0 robe (worn)
Jewellery
 d - a ring of protection from fire (left claw)
Scrolls
 e - a scroll of immolation {unknown}
 g - a scroll of silence {unknown}
 h - a scroll of teleportation


   Skills:
 - Level 1.7 Dodging
 - Level 2.1 Stealth
 + Level 2.4 Spellcasting
 + Level 0.1 Conjurations
 - Level 0.8 Transmutations
 + Level 4.0 Earth Magic


You had 2 spell levels left.
You knew the following spells:

 Your Spells              Type           Power      Damage    Failure   Level
a - Sandblast             Erth           20%        2d7       5%          1
b - Stone Arrow           Conj/Erth      10%        3d7       34%         3

Your spell library contained the following spells:

 Spells                   Type           Power      Damage    Failure   Level
 Passwall                 Tmut/Erth      5%         N/A       16%         2
 Portal Projectile        Hex/Tloc       2%         N/A       63%         3
 Petrify                  Tmut/Erth      6%         N/A       71%         4
 Excruciating Wounds      Necr           0%         N/A       100%        5
 Blade Hands              Tmut           Unusable   N/A       N/A         5

Dungeon Overview and Level Annotations

Branches:
Dungeon (2/15)

Altars:

Shops:
D:2 :?


Innate Abilities, Weirdness & Mutations

You thrive by killing the living.
You are immune to poison.
You have sharp fingernails.
Your flesh is cold resistant. (rC+)
You are immune to negative energy. (rN+++)
You do not regenerate when monsters are visible.
You are immune to unholy pain and torment.


Message History

Found a scroll labelled KOIDGHUBRUE.
Found Koceiti's Magic Scroll Emporium.
g - a scroll labelled KOIDGHUBRUE
There is a fountain of clear blue water here.
There is an entrance to Koceiti's Magic Scroll Emporium here.
h - a scroll of teleportation Thank you for shopping at Koceiti's Magic Scroll Emporium!
There is a fountain of clear blue water here.
Found an escape hatch in the floor.
Found 15 gold pieces.
You now have 82 gold pieces (gained 15).
There is a stone staircase leading down here.
A bat comes into view.
A bat is nearby!
You scratch the bat.
You kill the bat!
Found a stone staircase leading up.
Found 13 stones.
c - 64 stones (gained 13)
A hobgoblin comes into view. It is wielding a +0 spear.
Found a short sword.
The hobgoblin shouts!
The hobgoblin hits you with a +0 spear.
You scratch the hobgoblin.
The hobgoblin is severely wounded.
The hobgoblin hits you with a +0 spear!
You scratch the hobgoblin but do no damage.
The hobgoblin is severely wounded.
The hobgoblin hits you with a +0 spear.
You scratch the hobgoblin.
The hobgoblin is almost dead.
The hobgoblin misses you.
You barely miss the hobgoblin.
The hobgoblin is almost dead.
The hobgoblin hits you with a +0 spear.
* * * LOW HITPOINT WARNING * * *
You scratch the hobgoblin.
You kill the hobgoblin!
You feel better.
Are you sure you want to abandon this character and quit the game? (Confirm with "yes".)

# #.#########
###.....).).#
.......@#
#######.# #.#
#.# #.#
#.#######
#.......##
#........#
##.......#


There were no monsters in sight!

Vanquished Creatures
  A worm (D:2)
  A dart slug (D:2)
  5 ball pythons (D:1)
  2 giant cockroaches (D:1)
  5 goblins (D:1)
  2 hobgoblins
  3 kobolds (D:1)
  3 bats
  2 frilled lizards (D:1)
  3 rats (D:1)
27 creatures vanquished.

Notes
Turn   | Place    | Note
-------+----------+-------------------------------------------
     0 | D:1      | Meow the Ghoul Earth Elementalist began the quest for the
                  | Orb.
     0 | D:1      | Reached XP level 1. HP: 14/14 MP: 2/2
   131 | D:1      | Reached XP level 2. HP: 12/20 MP: 0/4
   471 | D:1      | Found a faded altar of an unknown god.
   539 | D:1      | Reached XP level 3. HP: 25/26 MP: 5/5
   721 | D:2      | Reached skill level 4 in Earth Magic
   794 | D:2      | Learned a level 3 spell: Stone Arrow
   942 | D:2      | Found Zuazoxut's Book Shoppe.
   970 | D:2      | Found Koceiti's Magic Scroll Emporium.
   976 | D:2      | Bought a scroll of teleportation for 30 gold pieces
  1155 | D:2      | Quit the game

Illustrated notes

Levels and vault maps discovered:
D:1:      lightli_arrival_statuegarden, layout_rooms, basic_ecumenical_altar
D:2:      layout_basic, serial_shops, shop, nicolae_shop_crystal,
          shop_fountains, nicolae_shop_waterfront

Skill      XL: |  1  2  3 |
---------------+----------+-----
Spellcasting   | 2 |  2.4
Earth Magic    | 4 |  4.0
Dodging        | |  1.7
Stealth        | |  2.1
Conjurations   | |  0.1
Transmutations | |  0.8

Action                   || total
-------------------------++-------
Melee: Unarmed           ||    53
 Cast: Sandblast         ||    15
Armor: Robe              ||    11
Dodge: Dodged            ||    28

Table legend: (Time is in decaauts)
 A = Elapsed time spent in this place.
 B = Non-inter-level travel time spent in this place.
 C = Inter-level travel time spent in this place.
 D = Time resting spent in this place.
 E = Time spent auto-exploring this place.
 F = Levels seen in this place.
 G = Mean time per level.
                   A        B        C        D        E       F      G
               +--------+--------+--------+--------+--------+-----+--------+
         Total |   1154 |   1110 |     44 |    269 |    629 |   2 |  577.0 |
       Dungeon |   1154 |   1110 |     44 |    269 |    629 |   2 |  577.0 |
               +--------+--------+--------+--------+--------+-----+--------+

Top non-repeatable levels by time:
     D:1: 697 daAuts
     D:2: 457 daAuts
